 Dungeon Crawl Stone Soup version 0.31-a0-640-g39d97e502b (webtiles) character file.

Game seed: 8838823493729135140

112 thirtiethelement the Grave Robber (level 4, 0/30 HPs)
             Began as a Demonspawn Necromancer on Aug 27, 2023.
             Slain by Ijyb
             ... wielding a +0 dagger
              (3 damage)
             ... on level 3 of the Dungeon.
             The game lasted 00:06:26 (2738 turns).

thirtiethelement the Grave Robber (DsNe)            Turns: 2738, Time: 00:06:27

Health: 0/30       AC:  4    Str:  8    XL:     4   Next: 63%
Magic:  1/8        EV: 12    Int: 18    God:
Gold:   135        SH:  0    Dex: 14    Spells: 1/8 levels left

rFire   . . .        f - +0 dagger
rCold   . . .        (no shield)
rNeg    . . .        a - +0 robe
rPois   .            (no helmet)
rElec   .            (no cloak)
rCorr   .            (no gloves)
SInv    .            (no boots)
Will    .....        (no amulet)
Stlth   ++           (no ring)
HPRegen 0.25/turn    (no ring)
MPRegen 0.11/turn

%: no passive effects
@: no status effects
A: yellow scales 1, demonic touch 1
a: no special abilities


You were on level 3 of the Dungeon.
You visited 1 branch of the dungeon, and saw 3 of its levels.

You collected 135 gold pieces.

Inventory:

Hand Weapons
 f - a +0 dagger (weapon)
Missiles
 i - 5 poisoned darts (quivered)
Armour
 a - a +0 robe (worn)
Scrolls
 e - a scroll of fear {unknown}
 g - a scroll of enchant armour {unknown}
 k - a scroll of torment {unknown}
 l - 2 scrolls of identify {unknown}
 m - a scroll of noise {unknown}
 n - a scroll of amnesia {unknown}
 o - 2 scrolls of blinking {unknown}
Potions
 b - a potion of magic
 c - a potion of attraction {unknown}
 d - a potion of ambrosia {unknown}
 h - a potion of curing {unknown}
 j - a potion of lignification {unknown}
 p - a potion of haste {unknown}


   Skills:
 + Level 0.8 Short Blades
 + Level 1.8 Dodging
 + Level 1.8 Stealth
 + Level 0.1 Unarmed Combat
 + Level 2.9 Spellcasting
 + Level 5.8 Necromancy


You had one spell level left.
You knew the following spells:

 Your Spells              Type           Power      Damage    Failure   Level
a - Necrotise             Necr           92%        1d8       1%          1
b - Blink                 Tloc           4%         N/A       26%         2
c - Vampiric Draining     Necr           23%        2d7       4%          3
d - Freeze                Ice            8%         1d3       17%         1

Your spell library contained the following spells:

 Spells                   Type           Power      Damage    Failure   Level
 Animate Dead             Necr           23%        N/A       14%         4
 Lesser Beckoning         Tloc           4%         N/A       26%         2
 Momentum Strike          Conj/Tloc      4%         3d8       26%         2
 Agony                    Necr           23%        N/A       38%         5
 Frozen Ramparts          Ice            4%         1d1       45%         3
 Hailstorm                Conj/Ice       2%         3d3       45%         3


Dungeon Overview and Level Annotations

Branches:
Dungeon (3/15)

Altars:

Annotations:
D:3 Ijyb


Innate Abilities, Weirdness & Mutations

You are partially covered in yellow scales. (AC +2)
Your touch may inflict minor irresistible damage on your foes.


Message History

Confirm with . or Enter, or press ? or * to list all spells.
Aiming: Necrotise (safe; 1% risk of failure)
Press: ? - help, Shift-Dir - straight line, f/p - Ijyb
Aim: Ijyb, wielding a +0 dagger, wearing a +0 leather armour and carrying a wand of light (lightly wounded, chance to affect: 87%) Ijyb barely resists.
Ijyb grins evilly.
Casting: Necrotise (safe; 1% risk of failure)
Confirm with . or Enter, or press ? or * to list all spells.
Aiming: Vampiric Draining (dangerous; 4% risk of failure)
Press: ? - help, Shift-Dir - straight line, f/p - Ijyb
Aim: Ijyb, wielding a +0 dagger, wearing a +0 leather armour and carrying a wand of light (lightly wounded)
You draw life force from Ijyb!
Ijyb closely misses you.
Casting: Vampiric Draining (dangerous; 4% risk of failure)
Confirm with . or Enter, or press ? or * to list all spells.
Aiming: Necrotise (safe; 1% risk of failure)
Press: ? - help, Shift-Dir - straight line, f/p - Ijyb
Aim: Ijyb, wielding a +0 dagger, wearing a +0 leather armour and carrying a wand of light (heavily wounded, chance to affect: 87%) Ijyb writhes in agony.
Ijyb hits you with a +0 dagger.
Casting: Necrotise (safe; 1% risk of failure)
Confirm with . or Enter, or press ? or * to list all spells.
Aiming: Necrotise (safe; 1% risk of failure)
Press: ? - help, Shift-Dir - straight line, f/p - Ijyb
Aim: Ijyb, wielding a +0 dagger, wearing a +0 leather armour and carrying a wand of light (heavily wounded, chance to affect: 87%) Ijyb writhes in agony.
Ijyb hits you but does no damage.
You hit Ijyb but do no damage. Your touch misses Ijyb.
Ijyb is severely wounded.
Ijyb barely misses you.
You hit Ijyb but do no damage. Your punch misses Ijyb.
Ijyb is severely wounded.
Ijyb zaps a wand.
The bolt of light hits you!
You hit Ijyb but do no damage. Your touch misses Ijyb.
Ijyb is severely wounded.
Ijyb zaps a wand.
The bolt of light hits you!
* * * LOW HITPOINT WARNING * * *
Throw: 6 darts (poison)
Press: ? - help, Q - select action, (/) - cycle Shift-Dir - straight line, f/p - Ijyb
Aim: Ijyb, wielding a +0 dagger, wearing a +0 leather armour and carrying a wand of light (severely wounded, 45% to hit)
You throw a poisoned dart. The poisoned dart closely misses Ijyb.
Ijyb hits you with a +0 dagger.
You die...

##.........#########.#
#...#
##.##...#.##.....##.#
#####
#........##.....##.#
#.#.....####..)..##.#
#.#.##...# #.....##.#
#.....##..##.....##.#
#.#### #...!....##.#
#. ##...g..##.# #.
####@####.# #.
#.......#.#
#.##.##.#.# #
##....#'## #....>...#
#........# #........#
..........#
..##########


You could see Ijyb.

Vanquished Creatures
  5 adders
  A worm (D:2)
  2 dart slugs
  3 endoplasms
  4 giant cockroaches
  5 goblins (D:2)
  3 hobgoblins (D:1)
  7 jackals (D:2)
  A quokka (D:2)
  6 ball pythons
  2 bats
  2 frilled lizards
  3 kobolds
  5 rats
49 creatures vanquished.

Vanquished Creatures (collateral kills)
  A giant cockroach (D:1)
  A hobgoblin (D:1)
  A kobold (D:1)
  A ball python (D:1)
  A bat (D:1)
  A frilled lizard (D:2)
  A goblin (D:1)
7 creatures vanquished.

Grand Total: 56 creatures vanquished

Notes
Turn   | Place    | Note
-------+----------+-------------------------------------------
     0 | D:1      | thirtiethelement the Demonspawn Necromancer began the quest
                  | for the Orb.
     0 | D:1      | Reached XP level 1. HP: 13/13 MP: 3/3
   336 | D:1      | Gained mutation: Your touch may inflict minor irresistible
                  | damage on your foes. [demonic ancestry]
   336 | D:1      | Reached XP level 2. HP: 19/19 MP: 3/5
   479 | D:1      | Reached skill level 5 in Necromancy
   525 | D:1      | Learned a level 2 spell: Blink
  1389 | D:2      | Reached XP level 3. HP: 24/24 MP: 6/6
  1818 | D:2      | Gained mutation: You are partially covered in yellow
                  | scales. (AC +2) [demonic ancestry]
  1818 | D:2      | Reached XP level 4. HP: 21/30 MP: 2/7
  2094 | D:2      | Learned a level 3 spell: Vampiric Draining
  2098 | D:1      | Learned a level 1 spell: Freeze
  2727 | D:3      | Noticed Ijyb
  2738 | D:3      | Slain by Ijyb

Illustrated notes

Levels and vault maps discovered:
D:1:      kilobyte_arrival_exit_the_forest, layout_basic, serial_corexii_hall,
          chequers_hall_statues_y, corexii_hall_statues_i,
          kennysheep_decorative_pillar, minmay_tetromino_l2
D:2:      layout_loops_ring
D:3:      layout_basic, general_overflow_altar, minivault_19, uniq_ijyb

Skill      XL: |  1  2 |
---------------+-------+-----
Necromancy     | 5 |  5.8
Short Blades   | |  0.8
Dodging        | |  1.8
Stealth        | |  1.8
Unarmed Combat | |  0.1
Spellcasting   | |  2.9

Action                     |  1- 3 |  4- 6 || total
---------------------------+-------+-------++-------
  Melee: Unarmed           |    18 |       ||    18
         Dagger            |    10 |     8 ||    18
         Touch             |     1 |     1 ||     2
  Throw: Dart              |       |     1 ||     1
   Cast: Necrotise         |    58 |    39 ||    97
         Freeze            |       |     3 ||     3
         Vampiric Draining |       |     1 ||     1
   Stab: Sleeping          |     2 |       ||     2
 Armour: Robe              |    10 |     2 ||    12
  Dodge: Dodged            |    34 |    12 ||    46

Table legend: (Time is in decaauts)
 A = Elapsed time spent in this place.
 B = Non-inter-level travel time spent in this place.
 C = Inter-level travel time spent in this place.
 D = Time resting spent in this place.
 E = Time spent auto-exploring this place.
 F = Levels seen in this place.
 G = Mean time per level.
                   A        B        C        D        E       F      G
               +--------+--------+--------+--------+--------+-----+--------+
         Total |   2743 |   2610 |    133 |      0 |   2308 |   3 |  914.3 |
       Dungeon |   2743 |   2610 |    133 |      0 |   2308 |   3 |  914.3 |
               +--------+--------+--------+--------+--------+-----+--------+

Top non-repeatable levels by time:
     D:1: 1406 daAuts
     D:2: 1033 daAuts
     D:3: 302 daAuts
